cohdb
Replays
Latest Replays
All Replays
Popular Replays
Top Player Replays
Match Explorer
How It Works
Community
CoH3 Stats
Reddit
Sign in to upload your games and track your stats! →
Sign in with Steam
Match 42757603
Unlisted
Match 42757603
Overview
Messages
Build Orders
End
Kradschützen Motorcycle Team
Selects Armored Support Battlegroup
250 Light Carrier
Construct Light Support Kompanie
Panzerjäger Squad
Assault Grenadier Squad
Selects Veteran Gunners
250 Light Carrier
Combat Half-tracks
Selects Salvage Kits
Fire Support Elements
250 Light Carrier
Construct Panzerarmee Kommand
Assault Grenadier Squad
Assault Mechanized Group
Selects Panzer Storm
Walking Stuka Rocket Launcher
Emergency Repair Kits
Vehicle Survival Package
250 Light Carrier
Walking Stuka Rocket Launcher
Panzer Storm
1547291164
JOJO
alfredoklg40
mamont2512
ira88
伞兵一号☆MINAMI☆准备
Dawes
不必为我哭泣因为虽然我重伤倒地但还活着
0
0
Comments
sign in to comment!
No comments posted yet!